 Dungeon Crawl Stone Soup version 0.30-a0-772-g5528072125 (webtiles) character file.

Game seed: 16491749914853833821

14 cowhearter the Stinger (level 2, -1/17 HPs)
             Began as an Octopode Venom Mage on Feb 13, 2023.
             Slain by a quokka (2 damage)
             ... on level 1 of the Dungeon.
             The game lasted 00:02:23 (406 turns).

cowhearter the Stinger (Octopode Venom Mage)         Turns: 406, Time: 00:02:24

Health: -1/17      AC:  1    Str:  7    XL:     2   Next: 41%
Magic:  2/5        EV: 13    Int: 17    God:
Gold:   0          SH:  0    Dex: 12    Spells: 4/5 levels left

rFire   . . .      SeeInvis .    (no weapon)
rCold   . . .      Faith    .    (no shield)
rNeg    . . .      Spirit   .    (helmet restricted)
rPois   .          Reflect  .    (no amulet)
rElec   .          Harm     .    (no ring)
rCorr   .          Rampage  .    (no ring)
Will    .....                    (no ring)
Stlth   +++                      (no ring)
HPRegen 0.22/turn                (no ring)
MPRegen 0.09/turn                (no ring)
                                 (no ring)
                                 (no ring)

@: no status effects
A: almost no armour, amphibious, 8 rings, camouflage 1, gelatinous body 1,
(nimble swimmer 1), tentacles
a: no special abilities


You were on level 1 of the Dungeon.
You visited 1 branch of the dungeon, and saw 1 of its levels.

Inventory:

Hand Weapons
 b - a +0 dagger
Scrolls
 c - 2 scrolls of identify {unknown}
 d - a scroll of fog {unknown}
Potions
 a - a potion of magic


   Skills:
 + Level 2.0 Dodging
 + Level 2.8 Stealth
 + Level 2.1 Spellcasting
 + Level 1.0 Transmutations
 + Level 4.3 Poison Magic


You had 4 spell levels left.
You knew the following spells:

 Your Spells              Type           Power      Damage    Failure   Level
a - Sting                 Tmut/Pois      40%        1d5       6%          1

Your spell library contained the following spells:

 Spells                   Type           Power      Damage    Failure   Level
 Poisonous Vapours        Pois/Air       18%        N/A       12%         2
 Apportation              Tloc           2%         N/A       19%         1
 Mephitic Cloud           Conj/Pois/Air  6%         N/A       32%         3
 Olgreb's Toxic Radiance  Pois           16%        N/A       32%         4
 Alistair's Intoxication  Tmut/Pois      6%         N/A       87%         5


Dungeon Overview and Level Annotations

Branches:
Dungeon (1/15)

Altars:


Innate Abilities, Weirdness & Mutations

You cannot wear most types of armour.
You are amphibious.
You can wear up to eight rings at the same time.
Your skin changes colour to match your surroundings (Stealth+).
Your rubbery body absorbs attacks. (AC +1, EV +1)
((You are camouflaged when in or above water. (Stealth+)))
You have tentacles for arms and can constrict up to eight enemies at once.


Message History

[Y]es or [N]o only, please.
Really attack while wielding nothing? [Y]es or [N]o only, please.
Really attack while wielding nothing? [Y]es or [N]o only, please.
Really attack while wielding nothing?
Okay, then.
The ball python bites you but does no damage.
The ball python grabs you. The ball python constricts you.
The rat closely misses you.
You escape the ball python's grasp.
The ball python barely misses you. The ball python closely misses you.
There are monsters nearby!
There are monsters nearby!
The ball python barely misses you. x2
The quokka barely misses you. The ball python bites you.
The ball python closely misses you. The ball python barely misses you. x2
The rat twitches its whiskers.
Really attack while wielding nothing? [Y]es or [N]o only, please.
Really attack while wielding nothing?
Okay, then.
There is a stone staircase leading down here.
Unknown command.
Unknown command.
Unknown command.
There are monsters nearby!
The quokka twitches its whiskers.
The quokka barely misses you. The quokka misses you.
The quokka barely misses you. The quokka bites you. The quokka bites you.
The quokka bites you.
The quokka bites you but does no damage.
The quokka twitches its whiskers.
The quokka bites you.
* * * LOW HITPOINT WARNING * * *
The quokka bites you.
You die...

#.##..####.#.
#.#....r..... #.#†#.#
#.# # #.#...###.# #
#.......#.# #
#.8...8...8.#.#
.....#...#...#.####.#
#...###.###.rr>.....#
##.. #...#...#@######
#. ...8...8.#.# #
..#...#...#.#
.###.###....# #. #..
...#.# #... ..
..8.#.# #..# #...#.#
##..# #.. ...# #..


You could see a quokka and a rat.

Vanquished Creatures
  A bat (D:1)
  An endoplasm (D:1)
  4 goblins (D:1)
  3 ball pythons (D:1)
  3 frilled lizards (D:1)
  A kobold (D:1)
  2 rats (D:1)
15 creatures vanquished.

Notes
Turn   | Place    | Note
-------+----------+-------------------------------------------
     0 | D:1      | cowhearter the Octopode Venom Mage began the quest for the
                  | Orb.
     0 | D:1      | Reached XP level 1. HP: 11/11 MP: 3/3
    58 | D:1      | Reached skill level 4 in Poison Magic
   110 | D:1      | Reached XP level 2. HP: 17/17 MP: 0/5
   406 | D:1      | Slain by a quokka

Illustrated notes

Levels and vault maps discovered:
D:1:      wander_arrival_chamber, layout_loops_ring,
          minmay_misc_feat_four_crosses

Skill      XL: |  1 |
---------------+----+-----
Poison Magic   | 4 |  4.3
Dodging        | |  2.0
Stealth        | |  2.8
Spellcasting   | |  2.1
Transmutations | |  1.0

Action                     || total
---------------------------++-------
   Cast: Sting             ||    19
 Armour: Skin              ||     2
  Dodge: Dodged            ||    17

Table legend: (Time is in decaauts)
 A = Elapsed time spent in this place.
 B = Non-inter-level travel time spent in this place.
 C = Inter-level travel time spent in this place.
 D = Time resting spent in this place.
 E = Time spent auto-exploring this place.
 F = Levels seen in this place.
 G = Mean time per level.
                   A        B        C        D        E       F      G
               +--------+--------+--------+--------+--------+-----+--------+
         Total |    406 |    406 |      0 |    103 |    209 |   1 |  406.0 |
       Dungeon |    406 |    406 |      0 |    103 |    209 |   1 |  406.0 |
               +--------+--------+--------+--------+--------+-----+--------+

Top non-repeatable levels by time:
     D:1: 406 daAuts
